 Dungeon Crawl Stone Soup version 0.26.0-20-g3ca415f5b8 (webtiles) character file.

Game seed: 12055098738641237843

97 kaeus the Changer (level 4, -1/28 HPs)
             Began as an Octopode Transmuter on Jan 25, 2021.
             Slain by an adder (2 damage)
             ... on level 3 of the Dungeon.
             The game lasted 00:02:01 (1916 turns).

kaeus the Changer (Octopode Transmuter)             Turns: 1916, Time: 00:02:02

Health: -1/28      AC:  1    Str: 10    XL:     4   Next: 68%
Magic:  6/7        EV: 14    Int: 15    God:
Gold:   106        SH:  0    Dex: 12    Spells: 7/8 levels left

rFire    + . .     SeeInvis .     - Unarmed
rCold    . . .     Faith    .   (no shield)
rNeg     . . .     Spirit   .   (helmet restricted)
rPois    .         Reflect  .   (no amulet)
rElec    .         Harm     .   i - ring of protection from fire
rCorr    .         Rampage  .   (no ring)
Will     .....                  (no ring)
Stlth    +++.......             (no ring)
HPRegen  0.09/turn              (no ring)
MPRegen  0.10/turn              (no ring)
                                (no ring)
                                (no ring)

@: very slightly contaminated
A: almost no armour, stealthy swim, amphibious, 8 rings, constrict 8, camouflage
1, gelatinous body 1
a: no special abilities


You were on level 3 of the Dungeon.
You visited 1 branch of the dungeon, and saw 3 of its levels.

You collected 106 gold pieces.

Inventory:

Jewellery
 i - a ring of protection from fire (left tentacle)
Scrolls
 b - 4 scrolls of remove curse {unknown}
 d - a scroll of immolation {unknown}
 g - a scroll of fog {unknown}
 k - 2 scrolls of teleportation {unknown}
 l - a scroll of magic mapping {unknown}
 m - a scroll of identify {unknown}
Potions
 a - a potion of lignification {unknown}
 c - 5 potions of curing {unknown}
 e - a potion of degeneration {unknown}
 f - a potion of attraction {unknown}
 h - 2 potions of invisibility {unknown}
 j - a potion of heal wounds {unknown}


   Skills:
 - Level 1.2 Fighting
 + Level 2.6 Dodging
 + Level 2.3 Stealth
 - Level 3.0 Unarmed Combat
 + Level 2.6 Spellcasting
 * Level 3.3 Transmutations


You had 7 spell levels left.
You knew the following spells:

 Your Spells              Type           Power        Failure   Level
a - Beastly Appendage     Tmut           22%          5%          1

Your spell library contained the following spells:

 Spells                   Type           Power        Failure   Level
 Wereblood                Tmut           11%          9%          2
 Spider Form              Tmut/Pois      3%           32%         3
 Ice Form                 Ice/Tmut       6%           71%         4
 Blade Hands              Tmut           5%           83%         5


Dungeon Overview and Level Annotations

Branches:
Dungeon (3/15)

Altars:


Innate Abilities, Weirdness & Mutations

You cannot wear most types of armour.
You are very stealthy in the water. (Stealth+)
You are amphibious.
You can wear up to eight rings at the same time.
You can use your tentacles to constrict eight enemies at once.
Your skin changes colour to match your surroundings (Stealth+).
Your rubbery body absorbs attacks. (AC +1, EV +1)


Message History

* * * LOW HITPOINT WARNING * * *
The adder barely misses you.
You take 1 damage, and have 8/28 hp.
You are too injured to fight recklessly!
Casting: Beastly Appendage (safe; 5% risk of failure)
Confirm with . or Enter, or press ? or * to list all spells.
You miscast Beastly Appendage.
You are very lightly contaminated with residual magic.
Nothing appears to happen.
The adder bites you.
* * * LOW HITPOINT WARNING * * *
The orc barely misses you.
You take 3 damage, and have 5/28 hp.
You now have 6/7 mp.
The adder bites you.
* * * LOW HITPOINT WARNING * * *
You take 2 damage, and have 3/28 hp.
There is a stone staircase leading up here.
The adder bites you.
* * * LOW HITPOINT WARNING * * *
The adder bites you.
You die...

#.##..#.....))..##
.........###.####
.........###(.###
..#.(#......#...##
.......((#.####..##
.........(.# ##..###
.......)...# ##...#
.?....[†).#######...#
......(.....ooBS@...#
...........######...#
..........[# #..)#
............. #...#
..........##.. #>..#
..........# #>.######
..........# #..
.......#.. ..


You could see an adder, 2 orcs and a giant cockroach.

Vanquished Creatures
  A gnoll (D:1)
  2 adders (D:2)
  An ooze (D:3)
  2 worms
  A dart slug (D:1)
  3 orcs (D:3)
  10 goblins
  6 hobgoblins
  4 jackals (D:1)
  A quokka (D:2)
  7 bats
  7 frilled lizards
  8 kobolds
  5 rats
58 creatures vanquished.

Notes
Turn   | Place    | Note
-------+----------+-------------------------------------------
     0 | D:1      | kaeus the Octopode Transmuter began the quest for the Orb.
     0 | D:1      | Reached XP level 1. HP: 13/13 MP: 3/3
   266 | D:1      | Reached XP level 2. HP: 18/18 MP: 3/5
   613 | D:1      | Reached skill level 1 in Stealth
   618 | D:1      | Reached XP level 3. HP: 16/23 MP: 4/6
  1305 | D:2      | Reached XP level 4. HP: 23/28 MP: 5/7
  1916 | D:3      | HP: 1/28 [adder (2)]
  1916 | D:3      | Slain by an adder

Illustrated notes

Levels and vault maps discovered:
D:1:      giann_forest_graveyard, layout_basic, minmay_quantized
D:2:      layout_loops_ring
D:3:      layout_rooms

Skill      XL: |  1  2  3  4 |
---------------+-------------+-----
Stealth        | 1 2 |  2.3
Transmutations | 3 |  3.3
Fighting       | |  1.2
Dodging        | |  2.6
Unarmed Combat | |  3.0
Spellcasting   | |  2.6

Action                   |  1- 3 |  4- 6 || total
-------------------------+-------+-------++-------
Melee: Unarmed           |    70 |    44 ||   114
       Kick              |    18 |     8 ||    26
       Constrict         |    22 |    13 ||    35
       Tentacles         |     9 |     4 ||    13
       Punch             |       |     1 ||     1
 Cast: Beastly Appendage |    20 |     8 ||    28
 Stab: Sleeping          |     2 |     2 ||     4
Armor: Skin              |    10 |     6 ||    16
Dodge: Dodged            |    43 |    44 ||    87
